 Dungeon Crawl Stone Soup version 0.21.0-37-g46506fa (webtiles) character file.

112483 letownia2 the Brawler (level 17, -8/131 HPs)
             Began as a Formicid Artificer on Jan 28, 2018.
             Was an Initiate of Gozag.
             Killed from afar by a deep elf mage (24 damage)
             ... with a bolt of lightning
             ... on level 1 of the Elven Halls on Feb 1, 2018.
             The game lasted 01:55:30 (29895 turns).

letownia2 the Brawler (Formicid Artificer)         Turns: 29895, Time: 01:55:31

Health: -8/131     AC: 27    Str: 18    XL:     17   Next: 15%
Magic:  30/30      EV:  4    Int: 17    God:    Gozag
Gold:   1007       SH: 21    Dex: 14    Spells: 22/35 levels left

rFire    + . .     SeeInvis +     - Unarmed
rCold    + . .     Gourm    .   g - +2 large shield
rNeg     . . .     Faith    .   v - +0 gold dragon scales
rPois    +         Spirit   .   (helmet unavailable)
rElec    .         Reflect  .   S - scarf {cloud immunity}
rCorr    .         Harm     .   Y - +0 pair of gloves {Dex+3}
MR       ++...                  L - +1 pair of boots {Fly}
Stlth    ..........             B - amulet of regeneration
HPRegen  0.71/turn              A - +5 ring of protection
MPRegen  0.22/turn              l - ring of protection from magic

@: flying, drained
A: permanent stasis, dig shafts and tunnels, four strong arms, antennae 3
a: Dig, Shaft Self, Potion Petition, Call Merchant, Bribe Branch, Renounce
Religion, Stop Flying


You were on level 1 of the Elven Halls.
You worshipped Gozag.
Gozag was most pleased with you.
You were not hungry.

You visited 4 branches of the dungeon, and saw 23 of its levels.
You also visited: Ossuary, Bailey, Ice Cave and Volcano.

You collected 11809 gold pieces.
You spent 4831 gold pieces at shops.
You paid 5971 gold pieces to Gozag.

Inventory:

Hand Weapons
 c - a +2 blowgun
 d - the +5 triple crossbow "Ultimatum" {speed, rC- Str+4 Dex+10 Stlth-}
   (You found it in an ice cave)

   Attacks with this weapon are significantly faster.
   It affects your strength (+4).
   It affects your dexterity (+10).
   It makes you vulnerable to cold.
   It makes you less stealthy.
 C - the +9 mace of Duty {speed, rF++ rC+ Dex+4}
   (You found it on level 6 of the Lair of Beasts)

   Attacks with this weapon are significantly faster.
   It affects your dexterity (+4).
   It greatly protects you from fire.
   It protects you from cold.
Missiles
 u - 126 bolts
 E - 5 curare-tipped needles
 F - 2 throwing nets (quivered)
Armour
 a - the +1 crystal plate armour of Duty {Str+4 Dex-3 Slay+4}
   (You bought it in a shop on level 2 of the Lair of Beasts)

   It affects your strength (+4).
   It affects your dexterity (-3).
   It affects your accuracy and damage with ranged weapons and melee attacks
   (+4).
 g - a +2 large shield (worn)
 v - +0 gold dragon scales (worn)
 w - a +3 chain mail
 L - a +1 pair of boots of flying (worn)
 S - a scarf of cloud immunity (worn)
 Y - a +0 pair of gloves of dexterity (worn)
Jewellery
 l - a ring of protection from magic (right hand)
 A - a +5 ring of protection (left hand)
 B - an amulet of regeneration (around neck)
 J - an uncursed ring of wizardry
 O - an uncursed ring of protection from fire
 V - an uncursed ring of protection from cold
Wands
 e - a wand of paralysis (31)
 k - a wand of disintegration (9)
 m - a wand of flame (72)
 x - a wand of acid (11)
 G - a wand of scattershot (4)
 T - a wand of digging (59)
Scrolls
 i - 11 scrolls of identify
 o - 9 scrolls of remove curse
 p - 4 scrolls of fog
 y - a scroll of magic mapping
 H - 3 scrolls of immolation
 M - a scroll of enchant armour
 N - a scroll of silence {unknown}
 P - 4 scrolls of fear
 U - 3 scrolls of holy word
Potions
 b - 5 potions of agility
 h - 4 potions of resistance
 j - 3 potions of invisibility
 n - 2 potions of mutation
 q - 3 potions of lignification
 r - 3 potions of cancellation
 s - 10 potions of curing
 z - a potion of magic {unknown}
 D - 3 potions of might
 I - 2 potions of ambrosia
 K - 7 potions of heal wounds
 X - 5 potions of brilliance
Miscellaneous
 t - a box of beasts
 Q - 2 sacks of spiders
Comestibles
 f - 9 rations


   Skills:
 - Level 11.0(10.3) Fighting
   Level 1.0(0.4) Short Blades
 + Level 12.5(11.8) Armour
 - Level 3.2(2.6) Dodging
 - Level 1.2(0.6) Stealth
 + Level 14.6(13.9) Shields
 - Level 17.1(16.2) Unarmed Combat
 - Level 9.6(9.0) Spellcasting
 - Level 3.3(2.7) Conjurations
 - Level 2.0(1.4) Hexes
 - Level 2.3(1.7) Fire Magic
 - Level 3.9(3.3) Air Magic
 - Level 3.1(2.5) Poison Magic
 - Level 3.2(2.7) Evocations


You had 22 spell levels left.
You knew the following spells:

 Your Spells              Type           Power        Failure   Level  Hunger
a - Magic Dart            Conj           ###.         99%         1    None
c - Conjure Flame         Conj/Fire      ###.....     100%        3    None
d - Confusing Touch       Hex            ##....       100%        1    None
e - Mephitic Cloud        Conj/Pois/Air  ###.....     100%        3    None
j - Portal Projectile     Hex/Tloc       ##....       100%        3    None
s - Swiftness             Chrm/Air       ##......     100%        2    None


Dungeon Overview and Level Annotations

Branches:
Dungeon (14/15)            Temple (0/1) D:4            Lair (6/6) D:10
 Shoals (0/4) Lair:4       Spider (0/4) Lair:4        Slime (0/5) Lair:5
    Orc (2/2) D:9             Elf (1/3) Orc:2        Vaults (0/5) D:14

Altars:
Cheibriados
Dithmenos
Fedhas
Gozag
Hepliaklqana
Kikubaaqudgha
Makhleb
Nemelex Xobeh
Okawaru
Sif Muna
Trog
Wu Jian
Zin
The Shining One
Beogh
Jiyva

Shops:
D:7 %(*!   D:9 [(*[:   D:10 [[[   D:11 :=   D:13 %   Orc:2 ([%(   Lair:2 =[[


Innate Abilities, Weirdness & Mutations

You cannot be hasted, slowed, berserked, paralysed or teleported.
You can dig through walls and to a lower floor.
Your four strong arms can wield two-handed weapons with a shield.
You have a pair of large antennae on your head. (SInv)


Message History

Unknown command.
You closely miss the air elemental.
The air elemental is heavily damaged.
You block the air elemental's attack. x2
The deep elf mage casts a spell at you. The bolt of lightning hits you! x2
An orc high priest comes into view. It is wielding a glaive.
You closely miss the air elemental.
The air elemental is heavily damaged.
You block the air elemental's attack.
You pummel the air elemental!!
The air elemental is almost destroyed.
The air elemental hits you but does no damage.
The air elemental hits you!
The deep elf mage gestures at you while chanting.
The bolt of lightning hits you!
* * * LOW HITPOINT WARNING * * *
The bolt of lightning hits you!
You die...
Your body crumbles into a pile of gold.

.# {{ #.>....(.#####§## #.
.# {. #.)(....[# ##...## #.
.#{ .e #........###.....##
##. .#
#'##'########.......## ##.#
##{
#......#8≈≈..........####...
.#{{
#....{.#≈≈≈..........+......
.# {
#..##..#≈≈≈..§§§.....####...
.# #..##.(#≈≈≈.#§§§....##
##.# .#
+..##..e≈≈≈@##§§...## ### .#
#..##.o#≈≈≈.E##§..## # .#
#..##..#≈≈≈.#(#§'######### #
.# $
+......#≈≈≈.##.#.#.......# #
##
#......#8≈≈..###.#.#####.# #
{
###'##'#####.###.#.#####.###
#...#......#.##....#........
#...#......#.....(.#.###.###
#...#......##.#....#.###.###


You could see an orc high priest, a deep elf mage and an air elemental.

Vanquished Creatures
  Agnes (Elf:1)
  A frost giant (IceCv)
  Aizul (Elf:1)
  An orc warlord (Orc:2)
  5 dire elephants (Lair:6)
  A deep elf demonologist (Elf:1)
  Nessos (Lair:5)
  Azrael (Elf:1)
  A deep elf annihilator (Elf:1)
  3 ogre magi (D:14)
  5 hydras
  A centaur warrior (D:14)
  An anaconda (Lair:6)
  A catoblepas (Lair:4)
  A tengu warrior (D:13)
  8 two-headed ogres
  A vampire mage (D:14)
  2 orc high priests
  Nergalle (D:11)
  Sonja (D:10)
  6 deep elf knights (Elf:1)
  A fire crab (Lair:3)
  2 skeletal warriors (Volcano)
  2 unseen horrors
  4 deep elf archers
  2 wizards (D:14)
  Pikel (D:4)
  2 anaconda skeletons (Volcano)
  4 orc sorcerers
  29 deep elf magi
  4 ugly things
  A cyclops (D:12)
  Maurice (D:8)
  2 black mambas
  14 elephants
  A spiny frog (shapeshifter) (D:14)
  3 centaur skeletons
  3 gargoyles (Volcano)
  5 spiny frogs
  A rime drake (Lair:4)
  2 kobold demonologists (D:14)
  8 komodo dragons
  2 yaktaurs (D:14)
  3 trolls
  20 polar bears (IceCv)
  3 slime creatures (D:12)
  8 blink frogs
  Grinder (D:3)
  A blink frog (shapeshifter) (D:13)
  5 hippogriffs
  Sigmund (D:6)
  2 air elementals (Elf:1)
  2 flying skulls (Volcano)
  A vampire (D:11)
  A wyvern (D:9)
  2 water elementals
  79 yaks
  An alligator skeleton (Volcano)
  2 fire bats (Lair:3)
  A yak (shapeshifter) (D:13)
  4 fire elementals
  2 basilisks
  Grum (D:11)
  8 wargs
  Menkaure (D:6)
  An acid dragon (D:13)
  2 soldier ants
  7 water moccasins
  5 hell hounds (Elf:1)
  47 orc warriors
  7 sky beasts
  10 porcupines
  4 slaves
  2 black bears
  An ogre (shapeshifter) (Elf:1)
  A phantom (D:4)
  17 ogres
  24 wolves
  10 centaurs
  8 crocodiles
  5 big kobolds
  A gnoll sergeant (D:5)
  17 bullfrogs
  A wyvern zombie (D:13)
  18 scorpions
  5 killer bees (D:13)
  A spriggan skeleton (Volcano)
  10 howler monkeys
  7 crimson imps
  2 bullfrog zombies
  5 centaur zombies (Ossuary)
  3 quasits
  3 jellies
  3 human zombies (Ossuary)
  28 orc priests
  A bullfrog skeleton (D:11)
  4 gnoll shamans (D:5)
  6 hounds
  4 iguanas
  34 orc wizards
  18 worker ants
  5 big kobold zombies (Ossuary)
  A naga skeleton (Volcano)
  4 mummies
  A worker ant zombie (D:5)
  A howler monkey zombie (D:5)
  35 gnolls
  11 adders
  3 scorpion zombies (Ossuary)
  4 river rats (D:6)
  6 shadow imps
  An ooze (D:3)
  3 adder skeletons
  5 worms
  2 dart slugs (D:4)
  11 leopard geckos
  135 orcs
  3 ball pythons
  6 bats
  13 giant cockroaches
  5 gnoll zombies (Ossuary)
  7 goblins
  7 hobgoblins
  18 jackals (D:5)
  4 quokkas
  4 frilled lizards
  A goblin zombie (Ossuary)
  A hobgoblin zombie (Ossuary)
  31 kobolds
  2 kobold zombies
  A leopard gecko skeleton (D:5)
  A leopard gecko zombie (D:6)
  An orc zombie (D:8)
  21 rats
  22 plants
985 creatures vanquished.

Vanquished Creatures (collateral kills)
  A killer bee (D:13)
  An orc wizard (Orc:2)
2 creatures vanquished.

Vanquished Creatures (others)
  6 dancing weapons (Elf:1)
  A flying skull (Volcano)
  A water elemental (Elf:1)
  A wolf (IceCv)
  An orc wizard (Orc:1)
  4 fungi
  8 plants
22 creatures vanquished.

Grand Total: 1009 creatures vanquished

Notes
Turn   | Place    | Note
-------+----------+-------------------------------------------
     0 | D:1      | letownia2 the Formicid Artificer began the quest for the Orb.
     0 | D:1      | Reached XP level 1. HP: 15/15 MP: 3/3
   255 | D:2      | Reached XP level 2. HP: 20/22 MP: 4/4
   460 | D:2      | Found an opulent altar of Gozag.
   460 | D:2      | Found a deep blue altar of Sif Muna.
   472 | D:2      | Reached skill level 1 in Unarmed Combat
   472 | D:2      | Reached XP level 3. HP: 28/28 MP: 5/5
   479 | D:2      | Became a worshipper of Gozag Ym Sagoz the Greedy
  1439 | D:2      | Found a blossoming altar of Fedhas.
  1479 | D:2      | Found a shadowy altar of Dithmenos.
  1479 | D:2      | Found an ancient bone altar of Kikubaaqudgha.
  1484 | D:2      | Found a bloodstained altar of Trog.
  1486 | D:2      | Found a faded altar of an unknown god.
  1488 | D:2      | Found a faded altar of an unknown god.
  1497 | D:2      | Reached XP level 4. HP: 21/34 MP: 6/6
  1567 | D:3      | Reached skill level 2 in Unarmed Combat
  1741 | D:3      | Reached skill level 1 in Armour
  2201 | D:4      | Noticed Grinder
  2203 | D:4      | Noticed Pikel
  2204 | D:4      | Noticed a slave
  2215 | D:3      | Killed Grinder
  2215 | D:3      | Reached skill level 3 in Unarmed Combat
  2215 | D:3      | Reached XP level 5. HP: 20/42 MP: 7/7
  2215 | D:3      | Reached XP level 6. HP: 23/48 MP: 8/8
  2504 | D:5      | Entered Level 5 of the Dungeon
  2641 | D:5      | Reached XP level 7. HP: 54/54 MP: 9/9
  2914 | D:5      | Reached skill level 5 in Fighting
  3103 | D:5      | Reached XP level 8. HP: 12/65 MP: 10/10
  3744 | D:5      | Reached skill level 4 in Unarmed Combat
  4051 | D:4      | Killed Pikel
  4051 | D:4      | Reached skill level 5 in Unarmed Combat
  4051 | D:4      | Reached XP level 9. HP: 43/75 MP: 11/11
  4153 | D:4      | Found a staircase to the Ecumenical Temple.
  4202 | D:4      | Reached skill level 5 in Armour
  4285 | D:4      | Found a hazy altar of Hepliaklqana.
  4285 | D:4      | Found a glowing silver altar of Zin.
  4286 | D:4      | Found a burning altar of Makhleb.
  4678 | D:4      | Got a faintly humming ring mail
  4689 | D:4      | Identified the +1 ring mail of Plasticity {rN+ Int+5} (You took it off an orc on level 4 of the Dungeon)
  4914 | D:5      | Reached skill level 6 in Unarmed Combat
  5323 | D:6      | Found a snail-covered altar of Cheibriados.
  5347 | D:6      | Found a snail-covered altar of Cheibriados.
  5520 | D:6      | Reached skill level 7 in Unarmed Combat
  5749 | D:6      | Noticed Sigmund
  5765 | D:6      | Killed Sigmund
  5794 | D:6      | Noticed Menkaure
  5811 | D:6      | Killed Menkaure
  5928 | D:6      | Reached skill level 8 in Unarmed Combat
  5938 | D:6      | Got a smoking war axe
  5939 | D:6      | Identified the +6 war axe of Lathil {chop, rF+ Int+4} (You found it on level 6 of the Dungeon)
  6010 | D:6      | Reached XP level 10. HP: 79/83 MP: 12/12
  6509 | D:7      | Found Kiuf's Assorted Antiques.
  6509 | D:7      | Found Umugorys's Food Shoppe.
  6558 | D:7      | Found a sparkling altar of Nemelex Xobeh.
  6582 | D:7      | Found Cist's Weapon Emporium.
  6696 | D:7      | Reached skill level 10 in Fighting
  6716 | D:7      | Found Utuyty's Distillery.
  6729 | D:7      | Bought a potion of degeneration for 16 gold pieces
  6876 | D:7      | Found a glowing golden altar of the Shining One.
  6910 | D:7      | Found an ornate altar of the Wu Jian Council.
  7091 | D:7      | Learned a level 3 spell: Conjure Flame
  7095 | D:7      | Learned a level 3 spell: Mephitic Cloud
  7097 | D:7      | Learned a level 1 spell: Magic Dart
  7098 | D:8      | Noticed Maurice
  7117 | D:8      | Killed Maurice
  7117 | D:8      | Reached skill level 1 in Spellcasting
  7117 | D:8      | Reached skill level 1 in Conjurations
  7117 | D:8      | Reached skill level 1 in Fire Magic
  7117 | D:8      | Reached skill level 1 in Air Magic
  7117 | D:8      | Reached skill level 1 in Poison Magic
  7177 | D:8      | Noticed a two-headed ogre
  7180 | D:8      | Killed a two-headed ogre
  7245 | D:8      | Found a sand-covered staircase.
  7255 | Ossuary  | Entered an ossuary
  7796 | D:8      | Reached XP level 11. HP: 92/92 MP: 16/16
  8006 | D:8      | Noticed a two-headed ogre
  8011 | D:8      | Killed a two-headed ogre
  8011 | D:8      | Reached skill level 5 in Spellcasting
  8458 | D:9      | Found Sawkyged's General Store.
  8482 | D:9      | Bought a potion of lignification for 51 gold pieces
  8514 | D:9      | Found Tillidan's Book Shoppe.
  8738 | D:9      | Got a jewelled ring mail
  8760 | D:9      | Got an ivory spear
  8763 | D:9      | Identified the +5 spear of the Ghost {drain, *Slow rC+ rN+} (You found it on level 9 of the Dungeon)
  8794 | D:9      | Identified the cursed +1 ring mail of Words of Power {+Fly rF+ Int+8} (You found it on level 9 of the Dungeon)
  8823 | D:9      | Found Giajikask's Weapon Boutique.
  8862 | D:9      | Found Kumaediezu's Armour Boutique.
  8974 | D:9      | Found a staircase to the Orcish Mines.
  9208 | Orc:1    | Entered Level 1 of the Orcish Mines
  9318 | Orc:1    | Reached skill level 9 in Unarmed Combat
 10074 | Orc:1    | Noticed an orc sorcerer
 10086 | Orc:1    | Killed an orc sorcerer
 10095 | Orc:1    | Reached skill level 10 in Unarmed Combat
 10196 | Orc:2    | Entered Level 2 of the Orcish Mines
 10216 | Orc:1    | Reached XP level 12. HP: 91/98 MP: 21/24
 10234 | Orc:2    | Found a staircase to the Elven Halls.
 10240 | Orc:2    | Found a dark tunnel.
 10275 | Volcano  | Entered a volcano
 10669 | Volcano  | Noticed a skeletal warrior
 10685 | Volcano  | Killed a skeletal warrior
 10685 | Volcano  | Reached skill level 11 in Unarmed Combat
 10737 | Volcano  | Noticed a skeletal warrior
 10749 | Volcano  | Killed a skeletal warrior
 10940 | Volcano  | Reached skill level 12 in Unarmed Combat
 11107 | Orc:2    | Upgraded the game from 0.21.0-30-g47ce8e4 to 0.21.0-37-g46506fa
 11130 | Orc:2    | Found a roughly hewn altar of Beogh.
 11231 | Orc:2    | Found a roughly hewn altar of Beogh.
 11618 | Orc:2    | Found a roughly hewn altar of Beogh.
 11631 | Orc:2    | Found Yhupont's Weapon Shop.
 11665 | Orc:2    | Found a roughly hewn altar of Beogh.
 11714 | Orc:2    | Found a roughly hewn altar of Beogh.
 11734 | Orc:2    | Found Votax's Food Shoppe.
 11911 | Orc:2    | Found a roughly hewn altar of Beogh.
 12096 | Orc:2    | Found a roughly hewn altar of Beogh.
 12326 | Orc:2    | Noticed an orc high priest
 12344 | Orc:2    | Killed an orc high priest
 12344 | Orc:2    | Reached skill level 13 in Unarmed Combat
 12450 | Orc:2    | Noticed an orc warlord
 12728 | D:9      | Reached XP level 13. HP: 55/104 MP: 13/25
 12808 | D:9      | Found Jiang's Antique Armour Boutique.
 13123 | Orc:2    | Found Oriu's Antique Armour Boutique.
 13124 | Orc:2    | Found a roughly hewn altar of Beogh.
 13125 | Orc:2    | Found Sysmaclu's Antique Weapon Shop.
 13144 | Orc:2    | Bought a faintly humming crystal plate armour for 2720 gold pieces
 13154 | Orc:2    | Identified the +6 crystal plate armour of Heklepi {rC- Dex+5} (You bought it in a shop on level 2 of the Orcish Mines)
 13337 | D:10     | Entered Level 10 of the Dungeon
 13466 | D:10     | Found a staircase to the Lair.
 13499 | D:10     | Reached skill level 14 in Unarmed Combat
 13745 | D:10     | Noticed Sonja
 13754 | D:10     | Killed Sonja
 14124 | D:11     | Found a flagged portal.
 14138 | D:11     | Noticed Grum
 14155 | D:11     | Noticed Nergalle
 14180 | D:11     | Killed Nergalle
 14196 | D:11     | Killed Grum
 14233 | Bailey   | Entered a bailey
 14359 | Bailey   | Found a bloodstained altar of Trog.
 14447 | D:11     | Found a frozen archway.
 14566 | IceCv    | Entered an ice cave
 15134 | IceCv    | Reached skill level 15 in Unarmed Combat
 15580 | IceCv    | Reached XP level 14. HP: 111/111 MP: 12/27
 15606 | IceCv    | Noticed a frost giant
 15616 | IceCv    | Killed a frost giant
 15730 | IceCv    | Got an ancient triple crossbow
 15749 | IceCv    | Identified the +5 triple crossbow "Ultimatum" {speed, rC- Str+4 Dex+10 Stlth-} (You found it in an ice cave)
 15976 | D:11     | Reached skill level 16 in Unarmed Combat
 16000 | D:11     | Found Qieb's Book Shop.
 16528 | Lair:1   | Entered Level 1 of the Lair of Beasts
 17629 | Lair:2   | Learned a level 2 spell: Swiftness
 18300 | Lair:2   | Reached skill level 17 in Unarmed Combat
 18468 | Lair:3   | Found a transporter.
 18513 | Lair:3   | Learned a level 1 spell: Confusing Touch
 18687 | Lair:3   | Got a distressingly furry ring mail
 18698 | Lair:3   | Identified the +5 ring mail of the Devil's Team {*Contam rElec MR++ Str+2} (You found it on level 3 of the Lair of Beasts)
 18771 | Lair:3   | Found a transporter.
 19148 | D:12     | Reached skill level 1 in Hexes
 19758 | D:12     | Reached skill level 1 in Shields
 20163 | D:13     | Found an iron altar of Okawaru.
 20330 | D:13     | Reached skill level 5 in Shields
 20330 | D:13     | Reached XP level 15. HP: 82/117 MP: 19/28
 20628 | D:13     | Found Optughir's Food Boutique.
 21818 | Lair:4   | Found a staircase to the Shoals.
 21866 | Lair:4   | Found a hole to the Spider Nest.
 22598 | Lair:5   | Found a viscous altar of Jiyva.
 22599 | Lair:5   | Found a staircase to the Slime Pits.
 22816 | Lair:5   | Noticed Nessos
 22847 | Lair:5   | Killed Nessos
 23442 | Lair:6   | Entered Level 6 of the Lair of Beasts
 23532 | Lair:6   | Reached skill level 10 in Shields
 23669 | Lair:6   | Got a fine whip
 23670 | Lair:6   | Identified the cursed +0 whip "Concordance" {slash, +Blink rC- Str+3} (You found it on level 6 of the Lair of Beasts)
 25058 | Lair:6   | Got a translucent mace
 25061 | Lair:6   | Identified the +9 mace of Duty {speed, rF++ rC+ Dex+4} (You found it on level 6 of the Lair of Beasts)
 25070 | Lair:6   | Learned a level 3 spell: Portal Projectile
 25432 | Orc:2    | Killed an orc warlord
 25747 | D:14     | Reached XP level 16. HP: 124/125 MP: 29/29
 26453 | D:14     | Found the +12 glaive of Prune {chop}
 26604 | D:14     | Reached skill level 10 in Armour
 27024 | D:14     | Found a gate to the Vaults.
 27308 | Lair:2   | Bought the +1 crystal plate armour of Duty {Str+4 Dex-3 Slay+4} for 2044 gold pieces
 27515 | Elf:1    | Entered Level 1 of the Elven Halls
 28184 | Elf:1    | Noticed Aizul
 28191 | Elf:1    | Noticed Azrael
 28220 | Elf:1    | Killed Aizul
 28246 | Elf:1    | Killed Azrael
 28909 | Elf:1    | Noticed Agnes
 28932 | Elf:1    | Killed Agnes
 29189 | Elf:1    | Reached XP level 17. HP: 131/131 MP: 30/30
 29895 | Elf:1    | Killed from afar by a deep elf mage

Skill      XL: |  1  2  3  4  5  6  7  8  9 10 11 12 13 14 15 16 |
---------------+-------------------------------------------------+-----
Fighting       | 2 4 6 8 9 10 11 | 11.0
Unarmed Combat | 1 3 5 8 10 13 15 17 | 17.1
Armour         | 2 4 5 6 9 12 | 12.5
Dodging        | 2 3 |  3.2
Spellcasting   | 3 8 9 |  9.6
Conjurations   | 3 |  3.3
Fire Magic     | 2 |  2.3
Air Magic      | 2 3 |  3.9
Poison Magic   | 3 |  3.1
Hexes          | 2 |  2.0
Shields        | 5 11 14 | 14.6
Short Blades   | |  1.0
Stealth        | |  1.2
Evocations     | |  3.2

Action                   |  1- 3 |  4- 6 |  7- 9 | 10-12 | 13-15 | 16-18 || total
-------------------------+-------+-------+-------+-------+-------+-------++-------
Melee: Short sword       |   128 |   124 |    14 |       |       |       ||   266
       Punch             |     2 |     1 |     9 |    31 |    90 |       ||   133
       Unarmed           |       |    35 |    46 |   332 |  1567 |   642 ||  2622
       War axe           |       |       |   364 |   612 |     3 |       ||   979
       Halberd           |       |       |    12 |       |       |       ||    12
       Spear             |       |       |   149 |       |     2 |       ||   151
       Whip              |       |       |     5 |       |       |       ||     5
 Fire: Triple crossbow   |       |       |       |       |    14 |    24 ||    38
       Blowgun           |       |       |       |       |     3 |     5 ||     8
Throw: Throwing net      |       |       |       |     1 |       |     2 ||     3
 Cast: Conjure Flame     |       |       |       |    20 |    85 |       ||   105
       Mephitic Cloud    |       |       |       |    31 |    34 |       ||    65
       Swiftness         |       |       |       |       |     1 |       ||     1
Invok: Call Merchant     |       |       |       |       |     7 |       ||     7
 Abil: Dig               |       |       |     1 |    16 |    33 |    18 ||    68
Evoke: Wand              |     3 |    14 |    10 |     3 |    18 |    12 ||    60
       Sack of spiders   |       |       |       |     1 |     3 |     2 ||     6
       Box of beasts     |       |       |       |       |       |     1 ||     1
  Use: Scroll            |       |       |     4 |     9 |    16 |       ||    29
       Potion            |       |       |       |       |     4 |    10 ||    14
 Stab: Sleeping          |       |     1 |       |       |       |       ||     1
       Paralysed         |       |       |     4 |       |       |       ||     4
       Distracted        |       |       |     1 |     3 |     9 |     4 ||    17
       Confused          |       |       |       |    13 |    24 |       ||    37
       Held in net/web   |       |       |       |     2 |       |       ||     2
       Invisible         |       |       |       |       |     4 |     6 ||    10
  Eat: Ration            |     1 |     1 |     5 |     7 |    13 |     5 ||    32
Armor: Leather armour    |    11 |       |       |       |       |       ||    11
       Ring mail         |    31 |    66 |   183 |   347 |   111 |       ||   738
       Scale mail        |       |       |    97 |    75 |   288 |       ||   460
       Crystal plate arm |       |       |       |       |     9 |       ||     9
       Gold dragon scale |       |       |       |       |   135 |   126 ||   261
       Skin              |       |       |       |       |       |    12 ||    12
Dodge: Dodged            |    70 |    89 |   369 |   536 |   392 |    14 ||  1470
Block: Large shield      |       |       |       |       |   338 |   315 ||   653
